Map: 赛博森林-天梯版

Players

ShoWTimE - Winner!

  • Race: Protoss Protoss

msrm

  • Race: Zerg Zerg
  • League: Master

Event: WESG 2018 Grand Finals

VOD

Have the link to the VOD?

Description

Time

  • Played on: March 11, 2019, 12:15 a.m.
  • Length: 7:01

All games in this series

Show
View Real Time Build Order
Export as new Build Order

ShoWTimE Protoss - Winner!

Build Orders: 1 Gate Expand, Oracle Opening 

Get SALT Encoding   

  12  0:00  Probe  
  13  0:12  Probe  
  14  0:18  Pylon  
  14  0:24  Probe  
  15  0:32  Probe  
  15  0:38  Gateway  
  15  0:40  Probe  
  16  0:47  Assimilator  
  17  0:51  Probe  
  18  1:03  Probe  
  19  1:15  Probe  
  20  1:26  Nexus  
  20  1:35  Cybernetics Core  
  20  1:38  Probe  
  21  1:42  Assimilator  
  21  1:50  Probe  
  22  1:55  Pylon  
  22  2:02  Probe  
  22  2:03  Adept  
  23  2:14  Probe  
  26  2:22  Stargate  
  26  2:25  Adept  
  26  2:26  Probe, Warp Gate  
  27  2:34  Probe  
  29  2:38  Probe  
  29  2:42  Probe  
  30  2:51  Probe  
  32  2:52  Probe  
  32  2:54  Stalker  
  32  2:57  Void Ray  
  39  3:15  Gateway  
  39  3:21  Gateway  
  39  3:25  Shield Battery  
  39  3:30  Oracle  
  42  3:42  Probe  
  42  3:43  Pylon, Probe  
  44  3:50  Pylon  
  44  3:54  Probe  
  44  3:55  Probe  
  46  4:05  Pylon  
  46  4:06  Probe  
  46  4:07  Probe  
  48  4:18  Adept x3, Probe  
  48  4:19  Probe  
  48  4:22  Pylon  
  56  4:30  Probe  
  57  4:31  Probe  
  58  4:38  Pylon  
  58  4:42  Probe  
  58  4:43  Probe  
  60  4:47  Pylon, Twilight Council  
  60  4:50  Assimilator  
  60  4:53  Assimilator  
  60  4:54  Probe  
  60  4:55  Charge, Robotics Facility  
  61  5:10  Adept  
  61  5:11  Adept x2  
  61  5:12  Probe x2  
  69  5:24  Probe x2  
  69  5:27  Gateway  
  69  5:28  Gateway  
  69  5:35  Warp Prism  
  67  5:39  Gateway  
  63  5:43  Gateway  
  63  5:48  Sentry, Zealot  
  67  5:51  Zealot  
  69  5:58  Gateway  
  69  6:04  Pylon  
  69  6:09  Zealot  
  71  6:13  Zealot x2  
  71  6:17  Observer  
  76  6:24  Templar Archives  
  76  6:28  Zealot x2  
  80  6:37  Zealot x4  
  80  6:39  Pylon  
  86  6:45  Zealot  
Show
View Real Time Build Order
Export as new Build Order

msrm Zerg 

Build Orders: Pool First 

Get SALT Encoding   

  12  0:01  Drone  
  13  0:12  Overlord  
  13  0:16  Drone  
  14  0:30  Drone x2  
  14  0:34  Drone  
  17  0:43  Extractor  
  17  0:46  Drone  
  17  0:49  Spawning Pool  
  16  0:56  Drone  
  17  1:16  Hatchery  
  16  1:19  Drone  
  16  1:24  Drone  
  18  1:28  Drone  
  19  1:39  Queen  
  21  1:45  Metabolic Boost  
  21  1:49  Zergling x2  
  22  1:55  Overlord  
  22  2:15  Drone x2  
  24  2:20  Queen  
  26  2:31  Lair  
  26  2:35  Drone x3  
  29  2:45  Zergling x2  
  29  2:46  Zergling x2  
  29  2:49  Zergling x2  
  29  2:51  Overlord  
  31  3:07  Drone x4  
  31  3:09  Extractor  
  34  3:22  Drone x3  
  34  3:24  Drone x3, Extractor  
  39  3:33  Hydralisk Den  
  38  3:52  Overlord  
  38  3:53  Overlord  
  35  4:03  Muscular Augments  
  35  4:05  Drone  
  35  4:07  Overlord  
  36  4:10  Hatchery  
  36  4:14  Drone x4  
  36  4:15  Drone x3  
  42  4:22  Hydralisk  
  44  4:25  Hydralisk  
  42  4:41  Drone x3  
  42  4:42  Drone x2  
  42  4:44  Drone  
  48  4:51  Hydralisk  
  48  4:52  Zergling x2  
  51  5:03  Zergling x2  
  52  5:12  Hydralisk x2  
  52  5:13  Hydralisk x2  
  36  5:28  Hydralisk x2  
  36  6:00  Hydralisk  
  36  6:03  Hydralisk  
  38  6:07  Hydralisk  
  42  6:16  Hydralisk  
  44  6:25  Hydralisk  
  44  6:26  Hydralisk  
Tags
 
Add a new tag
Caveats
  • Supply blocks, unpowered buildings, or Contaminate may cause inaccurate times.
  • Supply counts are checked every 10 seconds.